 Dungeon Crawl Stone Soup version 0.28-a0-751-gef3a642a4e (webtiles) character file.

Game seed: 15022589819782139653

50 KoroneIsBestGirl the Firebug (level 3, -5/31 HPs)
             Began as an Ogre Fire Elementalist on Oct 31, 2021.
             Slain by Natasha (9 damage)
             ... on level 2 of the Dungeon.
             The game lasted 00:01:38 (1137 turns).

KoroneIsBestGirl the Firebug (OgFE)                 Turns: 1137, Time: 00:01:38

Health: -5/31      AC:  3    Str: 12    XL:     3   Next: 79%
Magic:  6/7        EV: 10    Int: 17    God:
Gold:   8          SH:  0    Dex:  9    Spells: 7/8 levels left

rFire   + . .      SeeInvis .   f - staff of fire
rCold   . . .      Faith    .   (no shield)
rNeg    . . .      Spirit   .   a - +0 robe
rPois   .          Reflect  .   (helmet restricted)
rElec   .          Harm     .   (no cloak)
rCorr   .          Rampage  .   (gloves unavailable)
Will    .....                   (boots unavailable)
Stlth   +.........              (no amulet)
HPRegen 0.10/turn               (no ring)
MPRegen 0.10/turn               (no ring)

@: very slightly contaminated, invisible
A: large, unfitting armour, tough skin 1
a: no special abilities


You were on level 2 of the Dungeon.
You visited 1 branch of the dungeon, and saw 2 of its levels.

You collected 8 gold pieces.

Inventory:

Armour
 a - a +0 robe (worn)
Magical Staves
 f - a staff of fire (weapon)
Scrolls
 b - a scroll of magic mapping {unknown}
 c - a scroll of identify {unknown}
 h - a scroll of fog {unknown}
 j - a scroll of noise {unknown}


   Skills:
 + Level 2.3 Dodging
 - Level 1.4 Stealth
 + Level 3.0 Spellcasting
 + Level 1.7 Conjurations
 + Level 3.1 Fire Magic


You had 7 spell levels left.
You knew the following spells:

 Your Spells              Type           Power      Damage    Failure   Level
a - Foxfire               Conj/Fire      64%        2x1d7     6%          1

Your spell library contained the following spells:

 Spells                   Type           Power      Damage    Failure   Level
 Scorch                   Fire           40%        2d7       7%          2
 Conjure Flame            Conj/Fire      16%        6-21      19%         3
 Inner Flame              Hex/Fire       11%        N/A       26%         3
 Flame Wave               Conj/Fire      16%        3d5       54%         4


Dungeon Overview and Level Annotations

Branches:
Dungeon (2/15)

Altars:

Shops:
D:1 !

Annotations:
D:2 Natasha


Innate Abilities, Weirdness & Mutations

You are too large for most types of armour.
You have tough skin. (AC +1)


Message History

* * * LOW HITPOINT WARNING * * *
You are very lightly contaminated with residual magic.
The rat barely misses you. Natasha barely misses you. The rat bites you.
* * * LOW HITPOINT WARNING * * *
You climb downwards.
There is a stone staircase leading up here.
The rat barely misses you. Natasha claws you.
* * * LOW HITPOINT WARNING * * *
Okay, then.
It was a potion of magic.
Magic courses through your body. The rat closely misses you.
Natasha completely misses you. The rat bites you but does no damage.
It was a potion of ambrosia.
You are confused.
You feel invigorated. Natasha claws you.
* * * LOW HITPOINT WARNING * * *
The rat barely misses you. Natasha barely misses you.
You're too confused to cast spells.
Sorry, you're not good enough to have a special ability.
You feel less invigorated.
You feel less confused. The rat bites you.
* * * LOW HITPOINT WARNING * * *
You see here an adder corpse.
Found a stone staircase leading down.
Natasha casts a spell at you. The magic dart hits you.
* * * LOW HITPOINT WARNING * * *
The rat bites you but does no damage.
You feel yourself speed up. Natasha barely misses you.
A bat comes into view.
Natasha wildly gestures.
Natasha glows brightly for a moment.
The rat barely misses you.
Casting: Foxfire (safe; 6% risk of failure)
Confirm with . or Enter, or press ? or * to list all spells.
You feel a surge of power!
You conjure some foxfire!
The bat hits you but does no damage. Natasha claws you!
You die...

#.........#
#.......#
#..<....#
#.......#
#....†..##+##
###.....>...#
#.........# .
#.....rv..#....
#.....h@....#
#.....v..b..#
#######....>..#
#.......#
#.......#
#.......#
#.......#
#.......#


You could see Natasha (ally target), a bat (ally target) and a rat.

Vanquished Creatures
  Natasha (D:2)
  An adder (D:2)
  3 ball pythons
  An endoplasm (D:2)
  2 goblins (D:1)
  A hobgoblin (D:1)
  A jackal (D:1)
  2 quokkas (D:1)
  2 bats (D:1)
  A frilled lizard (D:1)
  3 rats (D:1)
18 creatures vanquished.

Vanquished Creatures (others)
  63 foxfires
63 creatures vanquished.

Grand Total: 81 creatures vanquished

Notes
Turn   | Place    | Note
-------+----------+-------------------------------------------
     0 | D:1      | KoroneIsBestGirl the Ogre Fire Elementalist began the quest
                  | for the Orb.
     0 | D:1      | Reached XP level 1. HP: 16/16 MP: 3/3
   297 | D:1      | Found Ycluqy Juidgh's Distillery.
   309 | D:1      | Reached skill level 1 in Conjurations
   519 | D:1      | Found a faded altar of an unknown god.
   574 | D:1      | Reached XP level 2. HP: 24/24 MP: 0/5
  1105 | D:2      | Noticed Natasha
  1111 | D:2      | Killed Natasha
  1112 | D:2      | Reached XP level 3. HP: 31/31 MP: 0/7
  1116 | D:2      | Noticed Natasha
  1137 | D:2      | Slain by Natasha

Illustrated notes

Levels and vault maps discovered:
D:1:      dpeg_arrival_subterranean_lakeside_camping, layout_basic,
          hellmonk_ecumenical_altar_heavens_door, serial_shops, shop_statue,
          serial_bayou_pond_e, minmay_tripent
D:2:      layout_basic, minmay_tromino_v4_c, uniq_natasha

Skill      XL: |  1  2 |
---------------+-------+-----
Conjurations   | 1 |  1.7
Dodging        | 2 |  2.3
Spellcasting   | 3 |  3.0
Fire Magic     | 3 |  3.1
Stealth        | |  1.4

Action                   || total
-------------------------++-------
Melee: Unarmed           ||     2
       Staff             ||    25
 Cast: Foxfire           ||    40
  Use: Potion            ||     4
Armor: Robe              ||    17
Dodge: Dodged            ||    41

Table legend: (Time is in decaauts)
 A = Elapsed time spent in this place.
 B = Non-inter-level travel time spent in this place.
 C = Inter-level travel time spent in this place.
 D = Time resting spent in this place.
 E = Time spent auto-exploring this place.
 F = Levels seen in this place.
 G = Mean time per level.
                   A        B        C        D        E       F      G
               +--------+--------+--------+--------+--------+-----+--------+
         Total |   1153 |   1134 |     19 |      0 |    976 |   2 |  576.5 |
       Dungeon |   1153 |   1134 |     19 |      0 |    976 |   2 |  576.5 |
               +--------+--------+--------+--------+--------+-----+--------+

Top non-repeatable levels by time:
     D:1: 1117 daAuts
     D:2: 35 daAuts
